 Dungeon Crawl Stone Soup version 0.29-a0-872-g797fff5ad1 (webtiles) character file.

Game seed: 11036895602529936182

42 buhh the Insei (level 4, -1/36 HPs)
             Began as a Meteoran Transmuter on July 19, 2022.
             Slain by a worm (8 damage)
             ... on level 2 of the Dungeon.
             The game lasted 00:03:42 (787 turns).

buhh the Insei (Meteoran Transmuter)                 Turns: 787, Time: 00:03:42

Health: -1/36      AC:  3    Str: 12    XL:     4   Next: 3%
Magic:  9/9        EV: 13    Int: 16    God:
Gold:   64         SH:  0    Dex: 14    Spells: 5/8 levels left

rFire   . . .      SeeInvis .     - Unarmed
rCold   . . .      Faith    .   (no shield)
rNeg    . . .      Spirit   .   a - +0 robe
rPois   .          Reflect  .   (no helmet)
rElec   .          Harm     .   (no cloak)
rCorr   .          Rampage  .   (no gloves)
Will    .....                   g - +0 pair of boots
Stlth   +.........              (no amulet)
HPRegen 0.12/turn               (no ring)
MPRegen 0.11/turn               (no ring)

@: glowing
A: sense surroundings 1, otherworldly, glowing, explore regen
a: no special abilities


You were on level 2 of the Dungeon.
You visited 1 branch of the dungeon, and saw 2 of its levels.

You collected 64 gold pieces.

Inventory:

Armour
 a - a +0 robe (worn)
 g - a +0 pair of boots (worn)
Magical Staves
 f - a staff of poison
Scrolls
 c - 5 scrolls of identify {unknown}
 e - a scroll of magic mapping {unknown}
 i - a scroll of blinking {unknown}
Potions
 b - 2 potions of curing {unknown}
 d - a potion of magic {unknown}
 h - a potion of brilliance {unknown}
 n - 2 potions of lignification {!d}


   Skills:
 + Level 2.0 Fighting
 + Level 3.0 Dodging
 + Level 4.1 Unarmed Combat
 - Level 2.6 Spellcasting
 - Level 3.0 Transmutations
 - Level 1.0 Poison Magic


You had 5 spell levels left.
You knew the following spells:

 Your Spells              Type           Power      Damage    Failure   Level
a - Beastly Appendage     Tmut           22%        N/A       5%          1
b - Wereblood             Tmut           11%        N/A       9%          2

Your spell library contained the following spells:

 Spells                   Type           Power      Damage    Failure   Level
 Passwall                 Tmut/Erth      5%         N/A       16%         2
 Sandblast                Erth           4%         2d4       19%         1
 Spider Form              Tmut/Pois      8%         N/A       26%         3
 Ensorcelled Hibernation  Hex/Ice        4%         N/A       28%         2
 Portal Projectile        Hex/Tloc       4%         N/A       50%         3
 Stone Arrow              Conj/Erth      4%         3d7       50%         3
 Swiftness                Air            2%         N/A       50%         3
 Tukima's Dance           Hex            2%         N/A       50%         3
 Ice Form                 Ice/Tmut       6%         N/A       71%         4
 Blade Hands              Tmut           5%         N/A       83%         5


Dungeon Overview and Level Annotations

Branches:
Dungeon (2/15) Zot: 416

Altars:


Innate Abilities, Weirdness & Mutations

You passively map a small area around you.
You are easily found by Zot.
You glow in the dark.
You regain HP and MP as you explore.


Message History

The worm bites you.
Casting: Beastly Appendage (safe; 5% risk of failure)
Press: ? - help, Q - select action, (/) - cycle Dir - look around, f - activate You grow a pair of large bovine horns.
Your feet morph into talons.
Your +0 pair of boots melds into your body.
The worm bites you!
* * * LOW HITPOINT WARNING * * *
You hit the worm but do no damage. You claw the worm. You headbutt the worm!
The worm is almost dead.
Your magical contamination has completely faded away.
You barely miss the worm. You headbutt the worm.
You kill the worm!
Your Fighting skill increases to level 2!
You have reached level 4!
Your transformation is almost over.
A rat comes into view.
You open the gate.
A worm comes into view.
You hit the worm but do no damage. You claw the worm. You headbutt the worm.
The worm is heavily wounded.
Your horns disappear.
Your talons disappear.
Your +0 pair of boots unmelds from your body.
The worm bites you.
You hit the rat.
You kill the rat!
You barely miss the worm.
The worm is moderately wounded.
The worm misses you.
You hit the worm.
The worm is severely wounded.
You hit the worm.
The worm is severely wounded.
The worm bites you.
* * * LOW HITPOINT WARNING * * *
You completely miss the worm.
The worm is severely wounded.
You hit the worm but do no damage.
The worm is severely wounded.
The worm bites you!
You die...

*.# #.# #..<.# *.# #.##
#..#### ,.# ########..###
#. * * ##...........# # ,*
##..#######.#...# , ,*
#..## #.# *...,, , , #.##
#.#* # ,
#####.#########.##...#*
#.###...........@†......#
#........#####''w####......
..####.### ##...[.* ..#.##
#.##...# *#........ * .# #
, #....###*#.......... #.
....###**......#..... *## ,
###...# ....#####....
....### ...#######...., ,*
.##..# , * * ,


You could see a worm.

Vanquished Creatures
  An adder (D:2)
  A worm (D:2)
  2 ball pythons (D:1)
  5 endoplasms
  6 goblins
  A hobgoblin (D:1)
  5 kobolds
  A quokka (D:2)
  A frilled lizard (D:2)
  4 rats
27 creatures vanquished.

Notes
Turn   | Place    | Note
-------+----------+-------------------------------------------
     0 | D:1      | buhh the Meteoran Transmuter began the quest for the Orb.
     0 | D:1      | Reached XP level 1. HP: 16/16 MP: 5/5
   132 | D:1      | Found a faded altar of an unknown god.
   154 | D:1      | Reached XP level 2. HP: 23/23 MP: 6/6
   182 | D:1      | Reached skill level 1 in Poison Magic
   201 | D:1      | Learned a level 2 spell: Wereblood
   395 | D:1      | Reached XP level 3. HP: 27/28 MP: 8/8
   720 | D:2      | Reached skill level 4 in Unarmed Combat
   761 | D:2      | Reached XP level 4. HP: 5/36 MP: 6/9
   787 | D:2      | Slain by a worm

Illustrated notes

Levels and vault maps discovered:
D:1:      minmay_arrival_doors, layout_basic,
          shapermc_ecumenical_altar_notcrosses
D:2:      layout_rooms, kennysheep_donut

Skill      XL: |  1  2  3 |
---------------+----------+-----
Poison Magic   | 1 |  1.0
Transmutations | 3 |  3.0
Dodging        | 3 |  3.0
Unarmed Combat | 4 |  4.1
Fighting       | 2 |  2.0
Spellcasting   | |  2.6

Action                   |  1- 3 |  4- 6 || total
-------------------------+-------+-------++-------
Melee: Unarmed           |    59 |     7 ||    66
       Headbutt          |     9 |     1 ||    10
       Kick              |     8 |     1 ||     9
       Punch             |     2 |       ||     2
 Cast: Beastly Appendage |    11 |       ||    11
Armor: Robe              |    13 |       ||    13
Dodge: Dodged            |    19 |     1 ||    20

Table legend: (Time is in decaauts)
 A = Elapsed time spent in this place.
 B = Non-inter-level travel time spent in this place.
 C = Inter-level travel time spent in this place.
 D = Time resting spent in this place.
 E = Time spent auto-exploring this place.
 F = Levels seen in this place.
 G = Mean time per level.
                   A        B        C        D        E       F      G
               +--------+--------+--------+--------+--------+-----+--------+
         Total |    782 |    782 |      0 |      0 |      0 |   2 |  391.0 |
       Dungeon |    782 |    782 |      0 |      0 |      0 |   2 |  391.0 |
               +--------+--------+--------+--------+--------+-----+--------+

Top non-repeatable levels by time:
     D:1: 586 daAuts
     D:2: 195 daAuts
